 Dungeon Crawl Stone Soup version 0.22-a0-352-gc608dd7 (webtiles) character file.

347 Amnesiac the Magician (level 6, -9/45 HPs)
             Began as a Demigod Conjurer on Apr 14, 2018.
             Killed from afar by Amnesiac's ghost (11 damage)
             ... with a lance of force
             ... on level 4 of the Dungeon.
             The game lasted 00:05:59 (3394 turns).

Amnesiac the Magician (Demigod Conjurer)            Turns: 3394, Time: 00:06:00

Health: -9/45      AC:  6    Str: 15 (18) XL:     6   Next: 10%
Magic:  5/16       EV: 11    Int: 25 (28) God:
Gold:   148        SH:  5    Dex: 14 (16) Spells: 11/14 levels left

rFire    . . .     SeeInvis .   B - +0 hand crossbow
rCold    . . .     Gourm    .   t - +0 buckler
rNeg     + . .     Faith    .   q - +0 ring mail (curse)
rPois    .         Spirit   .   (helmet restricted)
rElec    .         Reflect  .   s - +0 cloak
rCorr    .         Harm     .   (no gloves)
MR       +....                  (no boots)
Stlth    +.........             (no amulet)
HPRegen  0.15/turn              y - ring of positive energy
MPRegen  0.15/turn              (no ring)

@: mighty, brilliant, hasted, very quick
A: horns 1, high mp 1, magic resistance 1, strong 1
a: no special abilities


You were on level 4 of the Dungeon.
You were not hungry.

You visited 1 branch of the dungeon, and saw 4 of its levels.

You collected 148 gold pieces.

Inventory:

Hand Weapons
 a - a +0 hunting sling
 b - a +2 dagger of speed
 z - a +2 dagger of pain
 B - a +0 hand crossbow (weapon)
Missiles
 m - 147 stones
 o - 46 sling bullets
 A - 50 poisoned needles
 C - 48 bolts (quivered)
Armour
 q - a cursed +0 ring mail (worn)
 s - a +0 cloak (worn)
 t - a +0 buckler (worn)
Jewellery
 y - a ring of positive energy (left hand)
Wands
 v - a wand of polymorph (5)
Scrolls
 d - 7 scrolls of identify {!r, unknown}
 e - a scroll of magic mapping {!r, unknown}
 i - a scroll of amnesia {!r, unknown}
 j - 3 scrolls of teleportation {!r, unknown}
 k - 2 scrolls of remove curse {!r, unknown}
 l - a scroll of fog {!r, unknown}
 n - 2 scrolls of immolation {!r, unknown}
Potions
 h - a potion of curing {!q}
 p - a potion of brilliance {!q}
 u - a potion of might {!q}
 x - a potion of flight {!q, unknown}
Comestibles
 c - 4 rations
 r - 2 chunks of flesh


   Skills:
 - Level 1.7 Dodging
 - Level 1.7 Stealth
 * Level 3.0 Shields
 - Level 4.5 Spellcasting
 - Level 4.0 Conjurations


You had 11 spell levels left.
You knew the following spells:

 Your Spells              Type           Power        Failure   Level  Hunger
a - Magic Dart            Conj           ####         1%          1    None
e - Searing Ray           Conj           #####.       1%          2    None


Dungeon Overview and Level Annotations

Branches:
Dungeon (4/15)
 Temple: D:4-7

Annotations:
D:4 Amnesiac's ghost, amateur DgCj


Innate Abilities, Weirdness & Mutations

You have an increased reservoir of magic. (+10% MP)
You have a pair of small horns on your head.
You are resistant to hostile enchantments. (MR+)
Your muscles are strong. (Str +2)


Message History

(Press . to maintain the ray.)
You feel sick.
Amnesiac's ghost hits you but does no damage.
You are more poisoned.
The searing ray hits Amnesiac's ghost.
Amnesiac's ghost is heavily damaged.
You feel sick. You block Amnesiac's ghost's attack.
The searing ray hits Amnesiac's ghost.
Amnesiac's ghost is heavily damaged.
You feel sick. Amnesiac's ghost hits you.
You are more poisoned.
The searing ray hits Amnesiac's ghost.
Amnesiac's ghost is severely damaged.
You finish channeling your searing ray.
You feel sick. You block Amnesiac's ghost's attack.
Casting: Searing Ray (safe; 8% risk of failure)
Confirm with . or Enter, or press ? or * to list all spells.
Aiming: Searing Ray (safe; 8% risk of failure)
Press: ? - help, Shift-Dir - straight line, f/p - Amnesiac's ghost
Aim: Amnesiac's ghost, wielding a weapon of venom (severely damaged)
The searing ray hits Amnesiac's ghost.
Amnesiac's ghost is almost destroyed. (Press . to maintain the ray.)
You feel sick. Amnesiac's ghost barely misses you.
The searing ray hits Amnesiac's ghost.
Amnesiac's ghost is almost destroyed.
You feel sick.
Amnesiac's ghost gestures at you while chanting.
The lance of force hits you!
* * * LOW HITPOINT WARNING * * *
You are knocked back by the lance of force.
* * * LOW HITPOINT WARNING * * *
You feel sick.
Really quaff
p - 2 white potions {!q}?
It was a potion of brilliance {!q}.
You feel clever all of a sudden.
* * * LOW HITPOINT WARNING * * *
You feel sick.
Really quaff
h - 2 green potions {!q}?
It was a potion of curing {!q}.
You feel better.
Amnesiac's ghost gestures at you while chanting.
The lance of force hits you!
* * * LOW HITPOINT WARNING * * *
You are knocked back by the lance of force.
Press: ? - help, v - describe, . - travel
Here: Amnesiac's ghost, wielding a weapon of venom (almost destroyed)
The floor.
Unknown command.
Really quaff
u - 2 grey potions {!q}?
It was a potion of might {!q}.
You feel very mighty all of a sudden.
Really quaff
f - a fuming purple potion {!q}?
It was a potion of degeneration {!q}.
There was something very wrong with that liquid.
You feel weakened.
You feel dopey.
You feel clumsy.
Really quaff
g - a red potion {!q}?
It was a potion of haste {!q}.
You feel yourself speed up.
Really quaff
w - a murky orange potion {!q}?
It was a potion of mutation {!q}.
You feel extremely strange. A pair of horns grows on your head!
You feel stronger.
You feel resistant to hostile enchantments.
Amnesiac's ghost casts a spell at you. The lance of force hits you!
You die...

#..###.##....###..........#..#
#.....<......#.........#.##..#
##.######W...#...<...........#
#.....##....#.........#......
#.....###'#........#..#..(...
#.....# #W#........#..#......
#.....###.#......###..#...... #
#.......#.#.[....######...... #'#
######......@W...............
....###.............########.....
....'.......#.................#..
....###.#...#.#.....#####.#....(.
... #.#............. ...#.####.
.. #.##....#.#.#########.. .
#.###.#.#....# #### #.#
#.#.#.#.## #.# .#...#$


You could see Amnesiac's ghost.

Vanquished Creatures
  Purgy (D:3)
  A howler monkey (D:4)
  An orc wizard (D:3)
  A worker ant (D:4)
  Natasha (twice) (D:4)
  A gnoll (D:3)
  2 adders
  2 worms (D:2)
  A leopard gecko (D:2)
  9 orcs (D:3)
  10 bats
  A giant cockroach (D:1)
  11 goblins
  7 hobgoblins
  2 jackals (D:2)
  7 kobolds
  2 quokkas (D:4)
  9 frilled lizards
  A quokka skeleton (D:4)
  9 rats
80 creatures vanquished.

Notes
Turn   | Place    | Note
-------+----------+-------------------------------------------
     0 | D:1      | Amnesiac the Demigod Conjurer began the quest for the Orb.
     0 | D:1      | Reached XP level 1. HP: 14/14 MP: 5/5
   195 | D:1      | Reached XP level 2. HP: 20/20 MP: 2/7
   250 | D:1      | Learned a level 2 spell: Searing Ray
  1223 | D:2      | Reached XP level 3. HP: 26/26 MP: 9/9
  1404 | D:2      | Found a faded altar of an unknown god.
  2037 | D:3      | Found a glowing golden altar of the Shining One.
  2260 | D:3      | Noticed Purgy
  2273 | D:3      | Killed Purgy
  2273 | D:3      | Reached XP level 4. HP: 23/33 MP: 1/13
  2273 | D:3      | Reached XP level 5. HP: 26/38 MP: 1/14
  2632 | D:3      | Reached skill level 1 in Shields
  2959 | D:4      | Noticed Natasha
  2964 | D:4      | Killed Natasha
  3221 | D:4      | Noticed Natasha
  3225 | D:4      | Reached XP level 6. HP: 40/45 MP: 13/16
  3230 | D:4      | Killed Natasha
  3299 | D:4      | Noticed Amnesiac's ghost (amateur DgCj)
  3390 | D:4      | HP: 1/45 [Amnesiac's ghost/lance of force (17)]
  3394 | D:4      | Gained mutation: You have a pair of small horns on your head. [potion of mutation]
  3394 | D:4      | Gained mutation: Your muscles are strong. (Str +2) [potion of mutation]
  3394 | D:4      | Gained mutation: You are resistant to hostile enchantments. (MR+) [potion of mutation]
  3394 | D:4      | Killed from afar by Amnesiac's ghost

Vault maps used:
D:1:      dpeg_arrival_pond
D:2:      chequers_ecumenical_altar_simple
D:3:      first_ration, serial_bayou_pond_b, nicolae_tso_carved_into_rock,
          uniq_purgy
D:4:      doesnt_xom_only_xom, uniq_edmund, uniq_natasha

Skill      XL: |  1  2  3  4  5  6 |
---------------+-------------------+-----
Spellcasting   | 2 4 |  4.5
Conjurations   | 4 |  4.0
Shields        | 2 3 |  3.0
Dodging        | |  1.7
Stealth        | |  1.7

Action                   |  1- 3 |  4- 6 || total
-------------------------+-------+-------++-------
Melee: Dagger            |   107 |    24 ||   131
 Fire: Hunting sling     |       |     4 ||     4
       Hand crossbow     |       |    15 ||    15
 Cast: Magic Dart        |    44 |    36 ||    80
       Searing Ray       |     4 |     9 ||    13
  Use: Potion            |       |     6 ||     6
 Stab: Sleeping          |     1 |       ||     1
  Eat: Chunk             |     4 |     4 ||     8
Armor: Robe              |     1 |       ||     1
       Ring mail         |    36 |    11 ||    47
Dodge: Dodged            |    59 |    19 ||    78
Block: Buckler           |       |     3 ||     3

Table legend:
 A = Spawn XP
 B = Non-spawn XP
 C = Spawn XP percentage of total XP
 D = Spawn monster count
 E = Non-spawn monster count
 F = Spawn count percentage of total count
 G = Total turns spent on level
                    A         B        C        D         E        F      G
               +---------+---------+-------+---------+---------+-------+---------
         Total |       0 |     497 |   0.0 |       0 |      80 |   0.0 |  3394
               +---------+---------+-------+---------+---------+-------+---------
           D:1 |       0 |      30 |   0.0 |       0 |      21 |   0.0 |  1130
           D:2 |       0 |      45 |   0.0 |       0 |      15 |   0.0 |   751
           D:3 |       0 |     265 |   0.0 |       0 |      37 |   0.0 |  1274
           D:4 |       0 |     157 |   0.0 |       0 |       7 |   0.0 |   239
               +---------+---------+-------+---------+---------+-------+---------
